 Dungeon Crawl Stone Soup version 0.21-a0-529-g8c7b3f5 (webtiles) character file.

21 Moloch the Magician (level 2, -2/19 HPs)
             Began as a Demonspawn Wizard on Dec 11, 2017.
             Slain by an orc
             ... wielding a +0 flail
              (7 damage)
             ... on level 1 of the Dungeon.
             The game lasted 00:02:00 (854 turns).

Moloch the Magician (Demonspawn Wizard)              Turns: 854, Time: 00:02:01

Health: -2/19      AC:  2    Str:  7    XL:     2   Next: 62%
Magic:  6/6        EV: 12    Int: 19    God:
Gold:   70         SH:  0    Dex: 11    Spells: 3/8 levels left

rFire    . . .     SeeInvis .   f - +0 dagger
rCold    . . .     Gourm    .   (no shield)
rNeg     . . .     Faith    .   a - +0 robe
rPois    .         Spirit   .   b - +0 hat
rElec    .         Reflect  .   (no cloak)
rCorr    .         Harm     .   (no gloves)
MR       .....                  (no boots)
Stlth    ++........             (no amulet)
HPRegen  0.06/turn              (no ring)
MPRegen  0.10/turn              (no ring)

@: no status effects
A: powered by death 1
a: no special abilities


You were on level 1 of the Dungeon.
You were not hungry.

You visited 1 branch of the dungeon, and saw 2 of its levels.

You collected 70 gold pieces.

Inventory:

Hand Weapons
 f - a +0 dagger (weapon)
Armour
 a - a +0 robe (worn)
 b - a +0 hat (worn)
Scrolls
 e - a scroll of identify {unknown}
 k - a scroll of enchant weapon {unknown}
 l - a scroll of noise {unknown}
Potions
 h - a potion of curing {unknown}
 i - a potion of flight {unknown}
 m - a potion of magic {unknown}
Books
 c - a book of Minor Magic

   Spells                             Type                      Level
   a - Magic Dart                     Conjuration                  1
   b - Blink                          Translocation                2
   c - Call Imp                       Summoning                    2
   d - Slow                           Hexes                        2
   e - Conjure Flame                  Conjuration/Fire             3
   f - Mephitic Cloud                 Conjuration/Poison/Air       3
Comestibles
 d - a bread ration
 j - a royal jelly


   Skills:
 - Level 1.7 Dodging
 - Level 1.7 Stealth
 + Level 3.7 Spellcasting
 * Level 1.4 Conjurations
 - Level 1.0 Summonings
 - Level 0.8 Translocations


You had 3 spell levels left.
You knew the following spells:

 Your Spells              Type           Power        Failure   Level  Hunger
a - Magic Dart            Conj           #...         8%          1    None
b - Blink                 Tloc           N/A          16%         2    ##.....
c - Call Imp              Summ           #.......     14%         2    ##.....


Dungeon Overview and Level Annotations

Branches:
Dungeon (2/15)

Altars:


Innate Abilities, Weirdness & Mutations

You regenerate a little health from kills.


Message History

You swap places.
You swap places.
You see here an enchanted falchion.
Your crimson imp blinks!
You see here a flail.
You swap places.
You see here a tomahawk.
You start resting.
Your crimson imp disappears in a puff of smoke! x2
Magic restored.
There is a stone staircase leading down here.
You climb downwards.
The orc hits you with a flail!
There is a stone staircase leading up here.
The worm bites you!
* * * LOW HITPOINT WARNING * * *
The orc barely misses you.
You climb upwards.
There is a stone staircase leading down here.
The orc hits you with a flail!
You die...

###### #....# ##
#....# ##### #.
#....# ####...####
#).)####....(....#
#...........<.....
#.w.####.........#
#>...# ####...####
#@o..# ######...
#..(.# #........
###(## ######...
#.# ###... #.#
###....# #.#
##...##.# #)#
#..####..
#.######.####...
#.)#...........#


You could see a worm and an orc.

Vanquished Creatures
  A dart slug (D:1)
  A giant cockroach (D:1)
  A goblin (D:1)
  2 hobgoblins (D:1)
  2 kobolds (D:1)
  7 bats
  A rat (D:1)
15 creatures vanquished.

Vanquished Creatures (collateral kills)
  2 orcs (D:1)
2 creatures vanquished.

Grand Total: 17 creatures vanquished

Notes
Turn   | Place    | Note
-------+----------+-------------------------------------------
     0 | D:1      | Moloch the Demonspawn Wizard began the quest for the Orb.
     0 | D:1      | Reached XP level 1. HP: 13/13 MP: 4/4
   189 | D:1      | Gained mutation: You regenerate a little health from kills. [demonic ancestry]
   189 | D:1      | Reached XP level 2. HP: 15/19 MP: 3/6
   681 | D:1      | Learned a level 2 spell: Blink
   684 | D:1      | Learned a level 2 spell: Call Imp
   715 | D:2      | Noticed a scorpion
   854 | D:1      | Slain by an orc

Vault maps used:
D:1:      dpeg_arrival_rhombus
D:2:      first_bread, minmay_hedge_maze, uniq_jessica

Action                   || total
-------------------------++-------
Melee: Dagger            ||    31
       Unarmed           ||     5
 Cast: Magic Dart        ||    35
       Call Imp          ||     3
Armor: Robe              ||    20
Dodge: Dodged            ||    42

Table legend:
 A = Spawn XP
 B = Non-spawn XP
 C = Spawn XP percentage of total XP
 D = Spawn monster count
 E = Non-spawn monster count
 F = Spawn count percentage of total count
 G = Total turns spent on level
                    A         B        C        D         E        F      G
               +---------+---------+-------+---------+---------+-------+---------
         Total |       0 |      30 |   0.0 |       0 |      17 |   0.0 |   854
               +---------+---------+-------+---------+---------+-------+---------
           D:1 |       0 |      28 |   0.0 |       0 |      16 |   0.0 |   832
           D:2 |       0 |       2 |   0.0 |       0 |       1 |   0.0 |    22
               +---------+---------+-------+---------+---------+-------+---------
